 Dungeon Crawl Stone Soup version 0.29.1-debian-1-gc3f1650bb9 (webtiles) character file.

Game seed: 16498286454165142615

103 MisterAzrael the Magician (level 5, -2/38 HPs)
             Began as a Djinni Fire Elementalist on Sept 12, 2022.
             Slain by Natasha (6 damage)
             ... on level 2 of the Dungeon.
             The game lasted 00:02:53 (1337 turns).

MisterAzrael the Magician (DjFE)                    Turns: 1337, Time: 00:02:54

Health: -2/38      AC:  2    Str:  9    XL:     5   Next: 6%
Gold:   71         EV: 12    Int: 16    God:
                   SH:  0    Dex: 14

rFire   + + .      SeeInvis .   (no weapon)
rCold   x . .      Faith    .   (no shield)
rNeg    . . .      Spirit   .   a - +0 robe
rPois   ∞          Reflect  .   (no helmet)
rElec   .          Harm     .   (no cloak)
rCorr   .          Rampage  .   (no gloves)
Will    .....                   (boots unavailable)
Stlth   ++........              b - amulet of regeneration
HPRegen 0.92/turn               (no ring)
MPRegen 0.00/turn               (no ring)

@: mighty, flying
A: sickness immunity, fire resistance 2, cold vulnerability 1, float, innate
caster, HP casting, extra vitality 1
a: no special abilities


You were on level 2 of the Dungeon.
You visited 1 branch of the dungeon, and saw 2 of its levels.

You collected 71 gold pieces.

Inventory:

Armour
 a - a +0 robe (worn)
Jewellery
 b - an amulet of regeneration (around neck)
Scrolls
 d - 2 scrolls of identify {unknown}
 f - a scroll of vulnerability {unknown}
Potions
 c - a potion of berserk rage {unknown}
 e - a potion of mutation {unknown}
 j - a potion of heal wounds {unknown}
 k - a potion of flight {unknown}


   Skills:
 + Level 2.1 Fighting
 - Level 2.7 Dodging
 - Level 2.0 Stealth
 + Level 3.3 Spellcasting


You couldn't memorise any spells.
You knew the following spells:

 Your Spells              Type           Power      Damage    Failure   Level
a - Foxfire               Conj/Fire      52%        2x1d6     4%          1
b - Scorch                Fire           26%        2d6       7%          2
c - Kindle Blastsparks    Fire/Tloc/Air  26%        2d12      14%         3
d - Inner Flame           Hex/Fire       13%        N/A       14%         3
e - Flame Wave            Conj/Fire      13%        2d6       43%         4
f - Necrotise             Necr           52%        1d6       4%          1
g - Searing Ray           Conj           26%        2d5       7%          2
Your spell library was empty.

Dungeon Overview and Level Annotations

Branches:
Dungeon (2/15)

Altars:

Shops:
D:1 [

Annotations:
D:2 Natasha


Innate Abilities, Weirdness & Mutations

You are immune to sickness and miasma.
You are immune to poison.
Your flesh is very heat resistant. (rF++)
You are vulnerable to cold. (rC-)
You float through the air rather than walking.
You learn spells naturally, not from books.
Your magical power is your life essence.
You have superior vitality. (+4 MHP)


Message History

Confirm with . or Enter, or press ? or * to list all spells.
Aiming: Searing Ray (safe; 7% risk of failure)
Press: ? - help, Shift-Dir - straight line, f/p - Natasha
Aim: Natasha (moderately wounded, 70% to hit)
The searing ray hits Natasha.
Natasha is heavily wounded. (Press . to maintain the ray.) Natasha claws you.
The searing ray hits Natasha.
Natasha is severely wounded.
* * * LOW HITPOINT WARNING * * *
Natasha casts a spell.
The searing ray hits Natasha.
Natasha is almost dead.
* * * LOW HITPOINT WARNING * * *
Natasha drinks a potion.
Natasha is healed!
The shadow imp barely misses you.
The searing ray misses Natasha.
* * * LOW HITPOINT WARNING * * *
You finish channelling your searing ray.
Natasha claws you!
* * * LOW HITPOINT WARNING * * *
The shadow imp gestures at you.
You struggle to resist.
It was a potion of lignification.
You turn into a tree.
Your +0 robe melds into your body.
Your roots penetrate the ground.
Natasha claws you but does no damage.
The shadow imp hits you but does no damage.
It was a potion of magic.
Magic washes over you without effect. Natasha claws you but does no damage.
The shadow imp completely misses you.
It was a potion of cancellation.
Your magical effects are unravelling.
You feel magically purged.
You feel less wooden.
Your +0 robe unmelds from your body.
Natasha claws you but does no damage. The shadow imp hits you.
* * * LOW HITPOINT WARNING * * *
It was a potion of might.
You feel very mighty all of a sudden. Natasha claws you.
You die...

##### ####.#.# .......#
#####...#########
...#.....h@5...########
####.#.#.#####..........## #
#........## #..######...#
#.##+#.#.#..# #.......'...#
#......#.#..####.#######...#
#......#......#........'..<#
###......###..#.##########)..####
....##+#.# #..#.# #.).......
######.#.# #..#.# #.########


You could see Natasha and a shadow imp (summoned).

Vanquished Creatures
  Natasha (D:2)
  An orc wizard (D:2)
  4 dart slugs
  4 orcs (D:2)
  A ball python (D:2)
  6 bats
  An endoplasm (D:2)
  4 giant cockroaches (D:1)
  2 hobgoblins
  7 jackals
  A quokka (D:1)
  4 frilled lizards
  3 rats
39 creatures vanquished.

Vanquished Creatures (others)
  101 foxfires
101 creatures vanquished.

Grand Total: 140 creatures vanquished

Notes
Turn   | Place    | Note
-------+----------+-------------------------------------------
     0 | D:1      | MisterAzrael the Djinni Fire Elementalist began the quest
                  | for the Orb.
     0 | D:1      | MisterAzrael set off with the following spells memorised:
                  | Foxfire, Scorch, Kindle Blastsparks, Inner Flame, Flame
                  | Wave.
     0 | D:1      | Reached XP level 1. HP: 15/15 MP: 0/0
   153 | D:1      | Found Unlor's Armour Shop.
   163 | D:1      | Reached XP level 2. HP: 18/21 MP: 0/0
   370 | D:1      | Reached XP level 3. HP: 25/25 MP: 0/0
   370 | D:1      | Learned a level 1 spell: Necrotise
   440 | D:1      | Found a faded altar of an unknown god.
   878 | D:2      | Reached skill level 1 in Fighting
   909 | D:2      | Reached skill level 3 in Spellcasting
   909 | D:2      | Reached XP level 4. HP: 5/32 MP: 0/0
  1050 | D:2      | Noticed Natasha
  1058 | D:2      | Killed Natasha
  1059 | D:2      | Reached XP level 5. HP: 33/38 MP: 0/0
  1059 | D:2      | Learned a level 2 spell: Searing Ray
  1311 | D:2      | Noticed Natasha
  1337 | D:2      | Slain by Natasha

Illustrated notes

Levels and vault maps discovered:
D:1:      ncdulo_watergridlock, layout_loops_cross,
          hellmonk_ecumenical_altar_heavens_door, serial_shops,
          nicolae_shop_statue_plus
D:2:      layout_basic, uniq_natasha

Skill      XL: |  1  2  3  4 |
---------------+-------------+-----
Stealth        | 2 |  2.0
Fighting       | 1 2 |  2.1
Spellcasting   | 3 |  3.3
Dodging        | |  2.7

Action                   |  1- 3 |  4- 6 || total
-------------------------+-------+-------++-------
 Cast: Foxfire           |    65 |     4 ||    69
       Kindle Blastspark |     5 |       ||     5
       Flame Wave        |       |     1 ||     1
       Searing Ray       |       |     3 ||     3
  Use: Potion            |       |     4 ||     4
Armor: Robe              |     5 |     1 ||     6
       Skin              |       |     3 ||     3
Dodge: Dodged            |    28 |     7 ||    35
